 Dungeon Crawl Stone Soup version 0.29.0-15-g675c0067aa (webtiles) character file.

Game seed: 15124033957031378752

147332 qw the Severer (level 17, -4/109 HPs)
             Began as a Gargoyle Fighter on Sept 12, 2022.
             Was a High Priest of Okawaru.
             Slain by a pharaoh ant (9 damage)
             ... on level 2 of the Spider Nest.
             The game lasted 00:12:33 (31459 turns).

qw the Severer (Gargoyle Fighter)                  Turns: 31459, Time: 00:12:33

Health: -4/109     AC: 43    Str: 29    XL:     17   Next: 46%
Magic:  11/24      EV:  9    Int:  8    God:    Okawaru [*****.]
Gold:   2101       SH:  0    Dex:  9    Spells: 16/16 levels left

rFire   . . .      SeeInvis .   Y - +8 broad axe (elec)
rCold   + . .      Faith    .   k - +0 tower shield
rNeg    + . .      Spirit   .   L - +5 plate armour {rC+}
rPois   inf        Reflect  +   r - +2 helmet
rElec   +          Harm     .   G - +2 cloak {Stlth+}
rCorr   .          Rampage  .   q - +2 pair of gloves
Will    +....                   a - +2 pair of boots
Stlth   ..........              B - amulet of reflection
HPRegen 0.28/turn               t - +4 ring of slaying {mikee}
MPRegen 0.19/turn               y - +4 ring of evasion

@: about to teleport, heroic, finesse-ful, corroded, flying, held
A: sickness immunity, AC +12, big wings, negative energy resistance 1,
electricity resistance, torment resistance 1, petrification resistance
a: Renounce Religion, Heroism, Finesse, Duel


You were on level 2 of the Spider Nest.
You worshipped Okawaru.
Okawaru was extremely pleased with you.
You visited 6 branches of the dungeon, and saw 28 of its levels.
You also visited: Gauntlet.

You collected 3261 gold pieces.
You spent 1160 gold pieces at shops.


Innate Abilities, Weirdness & Mutations

You are immune to sickness and miasma.
Your stone body is resilient. (AC +12)
You are immune to poison.
Your large and strong wings let you fly.
You resist negative energy. (rN+)
You are resistant to electric shocks. (rElec)
You are resistant to unholy torment.
You are immune to petrification.


   Skills:
 - Level 13.6(18.6) Fighting
 - Level 18.0(23.0) Axes
 - Level 7.0(12.0) Throwing
 - Level 13.2(18.2) Armour
 - Level 3.1(8.1) Dodging
 + Level 14.7(19.7) Shields
 - Level 10.0 Invocations


You had 16 spell levels left.
You didn't know any spells.
Your spell library was empty.

Inventory:

Hand Weapons
 H - a +1 hand axe of flaming
 Y - a +8 broad axe of electrocution (weapon)
Missiles
 j - 2 silver javelins (quivered)
 s - 24 boomerangs
 I - 4 javelins
Armour
 a - a +2 pair of boots (worn)
 k - a +0 tower shield (worn)
 q - a +2 pair of gloves (worn)
 r - a +2 helmet (worn)
 v - +0 acid dragon scales
 E - the +15 Maxwell's patent armour {-Cast -Tele rElec Will+ rCorr}
   (You acquired it on level 3 of the Lair of Beasts)

   rElec:     It insulates you from electricity.
   -Cast:     It prevents spellcasting.
   -Tele:     It prevents most forms of teleportation.
   rCorr:     It protects you from acid and corrosion.
   Will:      It increases your willpower.
 G - a +2 cloak of stealth (worn)
 J - +0 fire dragon scales
 L - a +5 plate armour of cold resistance (worn)
Jewellery
 g - a ring of protection from fire
 t - a +4 ring of slaying (left hand) {mikee}
 x - a ring of protection from cold
 y - a +4 ring of evasion (right hand)
 B - an amulet of reflection (around neck)
 F - a ring of protection from fire
Wands
 c - a wand of digging (12)
Scrolls
 f - 13 scrolls of identify
 h - 2 scrolls of blinking
 n - 6 scrolls of teleportation
 z - 6 scrolls of fog
Potions
 d - 6 potions of might
 e - 4 potions of lignification
 i - a potion of heal wounds
 l - 4 potions of magic
 m - 8 potions of mutation
 o - 13 potions of curing
 p - 3 potions of attraction
 w - 3 potions of haste
 A - 4 potions of cancellation
 D - 2 potions of resistance

Dungeon Overview and Level Annotations

Branches:
Dungeon (15/15)            Temple (1/1) D:4            Lair (5/5) D:11
  Swamp (3/4) Lair:3       Spider (2/4) Lair:3        Slime (0/5) Lair:5
    Orc (2/2) D:9             Elf (0/3) Orc:2        Vaults (0/5) D:13
 Depths (0/4) D:15        Gauntlet (visited)

Altars:
Ashenzari
Cheibriados
Dithmenos
Elyvilon
Fedhas
Gozag
Hepliaklqana
Kikubaaqudgha
Makhleb
Nemelex Xobeh
Okawaru
Qazlal
Ru
Sif Muna
Trog
Uskayaw
Vehumet
Wu Jian
Xom
Yredelemnul
Zin
The Shining One

Shops:
D:2 (   D:4 [   D:9 *   Orc:2 !:!(

Portals:
Abyss: Lair:1
Pandemonium: Orc:2

Annotations:
D:5 2 transporters, 4 runed translucent doors
D:7 1 runed translucent door, Crazy Yiuf
Lair:1 2 transporters, qw's ghost, novice DsCA


Message History

The moth of wrath goads the jumping spider on!
The jumping spider goes berserk!
You block the pharaoh ant's attack.
31458 ||| READING 7 scrolls of teleportation.
As you read the scroll of teleportation, it crumbles to dust.
You feel strangely unstable.
You block the jumping spider's attack. x2; The redback barely misses you.
You block the wolf spider's attack.
The wolf spider bites you but does no damage.
The jumping spider barely misses you. x2; The redback barely misses you.
The wolf spider hits you but does no damage.
The wolf spider misses you. The pharaoh ant bites you!
You block the entropy weaver's attack.
The entropy weaver hits you but does no damage. x2
The entropy weaver closely misses you. The moth of wrath misses you.
The emperor scorpion stings you but does no damage.
The emperor scorpion claws you but does no damage.
The emperor scorpion barely misses you.
You feel you are being watched by something.
You feel your power leaking away. You block the jumping spider's attack.
The jumping spider bites you but does no damage.
The redback bites you but does no damage.
31459 ||| DRINKING 2 potions of heal wounds.
You feel much better. You block the wolf spider's attack. x2
The jumping spider pounces on you but does no damage.
The jumping spider barely misses you.
The redback bites you but does no damage.
The pharaoh ant bites you but does no damage.
You block the wolf spider's attack.
The wolf spider bites you but does no damage.
The entropy weaver gestures at you while chanting.
The entropic weave corrodes you! The moth of wrath misses you.
The emperor scorpion stings you but does no damage.
The emperor scorpion claws you but does no damage.
You block the emperor scorpion's attack.
The jumping spider pounces on you!
You are caught in a web!
The jumping spider bites you but does no damage.
The redback barely misses you. The pharaoh ant bites you!
You die...

##### #
#....#####..#
#..^Bs......
#..B@s.$....
#...sys......
#............
#...........^
#............
#.....>......
.............
#...[....<....


You could see an emperor scorpion, an entropy weaver, a wolf spider (berserk), a
moth of wrath, a pharaoh ant, a jumping spider (berserk) and a redback
(berserk).

Vanquished Creatures
  Jorgrun (D:14)
  A tentacled monstrosity (Swamp:1)
  Kirke (Spider:1)
  2 thorn hunters
  A fenstrider witch (Swamp:3)
  An orc warlord (Orc:2)
  An eleionoma (shapeshifter) (Gauntlet)
  6 eleionomae
  An entropy weaver (Spider:1)
  A dire elephant (Gauntlet)
  A minotaur (Gauntlet)
  9 bunyips
  Snorg (Lair:5)
  Josephine (Spider:1)
  2 fire dragons (D:15)
  2 boulder beetles
  11 hydras
  A catoblepas (Lair:2)
  2 ghost crabs (Swamp:3)
  2 demonspawn (Orc:2)
  7 centaur warriors
  A death knight (D:14)
  6 alligators
  5 two-headed ogres
  A tengu warrior (D:14)
  9 orc high priests (Orc:2)
  A sun demon (Orc:2)
  A soul eater (Orc:2)
  4 skeletal warriors (D:14)
  A pharaoh ant (Spider:1)
  6 goliath frogs
  A bog body (Swamp:2)
  4 spriggan druids
  A steelbarb worm (Spider:1)
  An orb spider (Spider:1)
  5 swamp dragons
  5 orc knights (Orc:2)
  2 necromancers
  Pikel (D:8)
  16 ugly things
  5 wolf spiders
  10 cyclopes
  2 manticores
  3 will-o-the-wisps
  2 oklob plants
  4 orc sorcerers (Orc:2)
  8 elephants
  6 black mambas
  Maurice (Orc:2)
  A rust devil (Orc:2)
  2 gargoyles (D:13)
  2 torpor snails
  3 rime drakes
  14 cane toads
  A demonic crawler (Spider:1)
  An orange demon (Orc:2)
  2 unseen horrors
  A yaktaur (D:15)
  2 freezing wraiths
  9 komodo dragons
  14 polar bears
  6 meliai (Spider:1)
  6 tyrant leeches
  9 trolls
  3 raiju (Lair:5)
  2 hornets
  A bloated husk (Swamp:1)
  18 blink frogs
  2 tarantellas (Spider:1)
  14 slime creatures
  4 jumping spiders (Spider:1)
  4 shadows
  A culicivora (shapeshifter) (D:13)
  7 wraiths
  6 culicivoras
  2 vampires
  10 wyverns
  53 yaks
  3 spriggans
  A ynoxinul (Orc:2)
  A human (Spider:1)
  10 vampire mosquitoes
  3 basilisks
  3 hogs (Spider:1)
  A hog (shapeshifter) (Gauntlet)
  7 redbacks (Spider:1)
  16 swamp worms
  12 wargs
  4 acid dragons
  16 water moccasins
  14 hell hounds (Lair:5)
  31 orc warriors
  A swamp drake (Swamp:2)
  A floating eye (shapeshifter) (Gauntlet)
  7 ogres
  12 black bears
  2 sky beasts
  8 centaurs
  23 wolves
  2 lemures (D:8)
  2 phantoms
  8 bullfrogs
  A kobold brigand (D:7)
  3 gnoll sergeants
  2 necrophages
  4 scorpions
  11 wights
  15 killer bees
  A troll zombie (D:9)
  2 electric eels (D:13)
  5 jellies
  25 orc priests
  4 hounds
  A gnoll bouda (D:8)
  7 iguanas
  24 orc wizards
  A polar bear simulacrum (Lair:3)
  7 wolf simulacra (Lair:3)
  2 yak simulacra (Lair:3)
  5 ogre zombies (D:9)
  13 adders
  14 gnolls
  A shadow imp (D:5)
  2 white imps
  2 ufetubi (D:6)
  4 worms
  4 dart slugs
  91 orcs
  A bat zombie (D:9)
  4 endoplasms
  9 goblins
  9 hobgoblins
  4 jackals (D:3)
  20 kobolds
  4 quokkas
  6 ball pythons
  7 bats
  3 goblin skeletons (D:9)
  A goblin zombie (D:9)
  3 hobgoblin zombies (D:9)
  2 orc skeletons (D:9)
  10 orc zombies (D:9)
  6 rats
  3 rat zombies (D:9)
  A river rat simulacrum (Lair:3)
899 creatures vanquished.

Vanquished Creatures (others)
  A goliath frog (Swamp:3)
  A bloated husk (Swamp:2)
  A hornet (Swamp:3)
  A spriggan (Swamp:3)
  18 foxfires
  23 fungi
  36 plants
81 creatures vanquished.

Grand Total: 980 creatures vanquished

Notes
Turn   | Place    | Note
-------+----------+-------------------------------------------
     0 | D:1      | qw the Gargoyle Fighter began the quest for the Orb.
     0 | D:1      | Reached XP level 1. HP: 14/14 MP: 1/1
     0 | D:1      | 0 ||| qw: Version: 0.1-a-119-g272c26d
     0 | D:1      | 0 ||| qw: Game counter: 10914
     0 | D:1      | 0 ||| qw: Always use a shield: true
     0 | D:1      | 0 ||| qw: God list: Okawaru
     0 | D:1      | 0 ||| qw: Allow faded altars: false
     0 | D:1      | 0 ||| qw: Do Orc after D:15 true
     0 | D:1      | 0 ||| qw: Do second Lair branch before Depths: true
     0 | D:1      | 0 ||| qw: Lair rune preference: random
     0 | D:1      | 0 ||| qw: Plans: Normal, Zot, God:TSO, Crypt, Tomb, Pan,
                  | Slime, Hells, Zig, Abyss, Orb
     0 | D:1      | 0 ||| PLANNING D:1-11
    28 | D:1      | Reached skill level 2 in Axes
   126 | D:1      | 126 ||| DROPPING +0 club.
   186 | D:1      | Reached XP level 2. HP: 19/19 MP: 2/2
   410 | D:1      | Reached skill level 3 in Axes
   524 | D:1      | Found a faded altar of an unknown god.
   640 | D:1      | Reached XP level 3. HP: 23/23 MP: 3/3
   768 | D:1      | 768 ||| SWAPPING to +4 war axe.
   772 | D:1      | 772 ||| DROPPING +0 war axe.
   785 | D:1      | 785 ||| UPGRADING to +1 chain mail of cold resistance.
   795 | D:1      | 795 ||| DROPPING +0 scale mail.
   796 | D:1      | 796 ||| READING scroll labelled RILODIGGAET.
   797 | D:1      | 797 ||| READING scroll labelled EPHAGAA TIPUSK.
   802 | D:1      | 802 ||| READING scroll labelled MUFROE VEOPRA.
   903 | D:1      | 903 ||| READING scroll labelled JICIOSI KEEM.
  1181 | D:2      | 1181 ||| Stepping ~*~*~tactically~*~*~ (stealth).
  1188 | D:2      | 1188 ||| Stepping ~*~*~tactically~*~*~ (stealth).
  1192 | D:2      | Found Quhig's Antique Weapon Emporium.
  1201 | D:2      | 1201 ||| BUYING flail (66 gold).
  1201 | D:2      | Bought a flail for 66 gold pieces
  1211 | D:2      | 1211 ||| DROPPING +0 whip.
  1254 | D:2      | 1254 ||| Stepping ~*~*~tactically~*~*~ (stealth).
  1257 | D:2      | 1257 ||| Stepping ~*~*~tactically~*~*~ (stealth).
  1260 | D:2      | 1260 ||| Stepping ~*~*~tactically~*~*~ (stealth).
  1262 | D:2      | 1262 ||| Stepping ~*~*~tactically~*~*~ (hiding).
  1322 | D:2      | Reached XP level 4. HP: 28/28 MP: 4/4
  1386 | D:2      | 1386 ||| Stepping ~*~*~tactically~*~*~ (hiding).
  1536 | D:2      | Reached skill level 4 in Axes
  1751 | D:2      | 1751 ||| READING scroll labelled XACAELAFOE.
  1752 | D:2      | 1752 ||| READING scroll labelled QEUCAG ZAEFA.
  1967 | D:3      | 1967 ||| FLEEEEING.
  1968 | D:3      | 1968 ||| FLEEEEING.
  1969 | D:3      | 1969 ||| FLEEEEING.
  1970 | D:3      | 1970 ||| FLEEEEING.
  1973 | D:3      | 1973 ||| FLEEEEING.
  1974 | D:3      | 1974 ||| FLEEEEING.
  1975 | D:3      | 1975 ||| FLEEEEING.
  1976 | D:3      | 1976 ||| FLEEEEING.
  1977 | D:3      | 1977 ||| FLEEEEING.
  1978 | D:3      | 1978 ||| FLEEEEING.
  1979 | D:3      | 1979 ||| FLEEEEING.
  1980 | D:3      | 1980 ||| FLEEEEING.
  1981 | D:3      | 1981 ||| STAIRDANCE
  2054 | D:2      | 2054 ||| UPGRADING to +0 kite shield.
  2064 | D:2      | 2064 ||| DROPPING +0 buckler.
  2168 | D:3      | Reached XP level 5. HP: 32/32 MP: 5/5
  2272 | D:3      | 2272 ||| Stepping ~*~*~tactically~*~*~ (stealth).
  2281 | D:3      | Reached skill level 1 in Throwing
  2307 | D:3      | Identified the +3 leather armour of Fodghuun {Rampage rC-
                  | rN+ Int+2}
  2356 | D:3      | Found a glowing golden altar of the Shining One.
  2361 | D:3      | Found a blossoming altar of Fedhas.
  2417 | D:3      | 2417 ||| READING scroll labelled ROANKIPUVI.
  2418 | D:3      | 2418 ||| DRINKING 2 grey potions.
  2419 | D:3      | 2419 ||| READING 3 scrolls of identify.
  2419 | D:3      | 2419 ||| IDENTIFYING fuming red potion
  2420 | D:3      | 2420 ||| READING 2 scrolls of identify.
  2420 | D:3      | 2420 ||| IDENTIFYING glowing brown potion
  2421 | D:3      | 2421 ||| DROPPING potion of berserk rage.
  2422 | D:3      | 2422 ||| DROPPING potion of flight.
  2578 | D:4      | 2578 ||| Stepping ~*~*~tactically~*~*~ (stealth).
  2580 | D:4      | 2580 ||| Stepping ~*~*~tactically~*~*~ (stealth).
  2582 | D:4      | 2582 ||| Stepping ~*~*~tactically~*~*~ (hiding).
  2626 | D:4      | 2626 ||| DROPPING +0 flail.
  2664 | D:4      | 2664 ||| Stepping ~*~*~tactically~*~*~ (hiding).
  2803 | D:4      | 2803 ||| Stepping ~*~*~tactically~*~*~ (hiding).
  2921 | D:4      | 2921 ||| Stepping ~*~*~tactically~*~*~ (stealth).
  2923 | D:4      | 2923 ||| Stepping ~*~*~tactically~*~*~ (hiding).
  2933 | D:4      | HP: 8/32 [gnoll/+0 spear (4)]
  2935 | D:4      | Reached XP level 6. HP: 6/37 MP: 6/6
  2935 | D:4      | HP: 1/37 [gnoll/+0 spear (5)]
  3257 | D:4      | 3257 ||| Stepping ~*~*~tactically~*~*~ (stealth).
  3264 | D:4      | Reached skill level 5 in Axes
  3535 | D:4      | 3535 ||| Stepping ~*~*~tactically~*~*~ (stealth).
  3537 | D:4      | Noticed a water moccasin
  3537 | D:4      | 3537 ||| Stepping ~*~*~tactically~*~*~ (stealth).
  3538 | D:4      | 3538 ||| Stepping ~*~*~tactically~*~*~ (stealth).
  3543 | D:4      | 3543 ||| Stepping ~*~*~tactically~*~*~ (stealth).
  3550 | D:4      | Killed a water moccasin
  3551 | D:4      | Reached XP level 7. HP: 37/44 MP: 7/7
  3775 | D:4      | Found a staircase to the Ecumenical Temple.
  3776 | D:4      | 3776 ||| PLANNING TEMPLE
  3776 | D:4      | 3776 ||| UPGRADING to amulet of the acrobat.
  3781 | D:4      | 3781 ||| READING scroll labelled LARUCE YWKUE.
  3782 | D:4      | 3782 ||| READING 6 scrolls of identify.
  3782 | D:4      | 3782 ||| IDENTIFYING purple potion
  3783 | D:4      | 3783 ||| READING 5 scrolls of identify.
  3783 | D:4      | 3783 ||| IDENTIFYING bubbling purple potion
  3784 | D:4      | 3784 ||| READING 4 scrolls of identify.
  3784 | D:4      | 3784 ||| IDENTIFYING bubbling puce potion
  3785 | D:4      | 3785 ||| READING 3 scrolls of identify.
  3785 | D:4      | 3785 ||| IDENTIFYING emerald potion
  3786 | D:4      | 3786 ||| READING 2 scrolls of identify.
  3786 | D:4      | 3786 ||| IDENTIFYING inky potion
  3787 | D:4      | 3787 ||| DROPPING potion of degeneration.
  3788 | D:4      | 3788 ||| DROPPING potion of invisibility.
  3795 | Temple   | Entered the Ecumenical Temple
  3799 | Temple   | 3799 ||| PLANNING D:1-11
  3802 | Temple   | Became a worshipper of Warmaster Okawaru
  3906 | D:4      | Found a bloodstained altar of Trog.
  3908 | D:4      | Found Savas's Armour Shop.
  3982 | D:4      | 3982 ||| BUYING +0 pair of boots (58 gold).
  3982 | D:4      | Bought a +0 pair of boots for 58 gold pieces
  3982 | D:4      | 3982 ||| SHOPLISTING +3 plate armour of willpower (585
                  | gold, have 133).
  3987 | D:4      | 3987 ||| Stepping ~*~*~tactically~*~*~ (stealth).
  3989 | D:4      | 3989 ||| Stepping ~*~*~tactically~*~*~ (stealth).
  4257 | D:4      | 4257 ||| UPGRADING to +0 pair of boots.
  4262 | D:4      | 4262 ||| UPGRADING to +0 cloak.
  4267 | D:4      | 4267 ||| READING scroll labelled DUMOOKHE EGYNUMN.
  4282 | D:5      | Entered Level 5 of the Dungeon
  4564 | D:5      | Found a transporter.
  4599 | D:5      | Reached skill level 6 in Axes
  4601 | D:5      | Found a transporter.
  4650 | D:5      | Reached skill level 6 in Shields
  4657 | D:5      | Noticed a yak
  4658 | D:5      | Found a large runed translucent door.
  4658 | D:5      | Noticed a vampire mosquito
  4659 | D:5      | Found a large runed translucent door.
  4660 | D:5      | Found a large runed translucent door.
  4660 | D:5      | Found a large runed translucent door.
  4689 | D:5      | Reached XP level 8. HP: 48/48 MP: 8/8
  4692 | D:5      | Reached * piety under Okawaru
  4693 | D:5      | Reached skill level 1 in Dodging
  4699 | D:5      | 4699 ||| INVOKING Heroism.
  4720 | D:5      | 4720 ||| INVOKING Heroism.
  4727 | D:5      | Reached skill level 1 in Invocations
  4730 | D:5      | 4730 ||| INVOKING Heroism.
  5125 | D:5      | 5125 ||| Stepping ~*~*~tactically~*~*~ (stealth).
  5276 | D:5      | 5276 ||| UPGRADING to +0 helmet.
  5311 | D:6      | 5311 ||| INVOKING Heroism.
  5317 | D:6      | Reached skill level 3 in Invocations
  5346 | D:6      | 5346 ||| READING 2 scrolls of enchant armour.
  5346 | D:6      | 5346 ||| ENCHANTING +0 helmet.
  5347 | D:6      | 5347 ||| READING scroll of enchant armour.
  5347 | D:6      | 5347 ||| ENCHANTING +1 helmet.
  5458 | D:6      | 5458 ||| Stepping ~*~*~tactically~*~*~ (hiding).
  5460 | D:6      | 5460 ||| Stepping ~*~*~tactically~*~*~ (hiding).
  5462 | D:6      | 5462 ||| Stepping ~*~*~tactically~*~*~ (hiding).
  5463 | D:6      | 5463 ||| Stepping ~*~*~tactically~*~*~ (hiding).
  5595 | D:6      | 5595 ||| INVOKING Heroism.
  5599 | D:6      | Reached skill level 7 in Axes
  5622 | D:6      | 5622 ||| INVOKING Heroism.
  5741 | D:6      | Found a shimmering altar of Xom.
  5804 | D:6      | 5804 ||| Stepping ~*~*~tactically~*~*~ (stealth).
  5806 | D:6      | 5806 ||| Stepping ~*~*~tactically~*~*~ (hiding).
  5818 | D:6      | 5818 ||| INVOKING Heroism.
  5820 | D:6      | Reached ** piety under Okawaru
  5821 | D:6      | Reached XP level 9. HP: 37/54 MP: 9/12
  6080 | D:6      | 6080 ||| UPGRADING to +4 ring of slaying {mikee}.
  6081 | D:6      | 6081 ||| DROPPING ring of flight.
  6082 | D:6      | 6082 ||| READING scroll labelled COUSCH JUAQEGA.
  6083 | D:6      | 6083 ||| READING 2 scrolls of identify.
  6083 | D:6      | 6083 ||| IDENTIFYING silvery potion
  6084 | D:6      | 6084 ||| DROPPING potion of brilliance.
  6217 | D:7      | Found a runed translucent door.
  6218 | D:7      | Noticed Crazy Yiuf
  6283 | D:7      | Noticed a hornet
  6288 | D:7      | Killed a hornet
  6289 | D:7      | 6289 ||| FLEEEEING.
  6290 | D:7      | 6290 ||| FLEEEEING.
  6291 | D:7      | 6291 ||| FLEEEEING.
  6292 | D:7      | 6292 ||| FLEEEEING.
  6293 | D:7      | 6293 ||| FLEEEEING.
  6294 | D:7      | 6294 ||| FLEEEEING.
  6295 | D:7      | 6295 ||| FLEEEEING.
  6296 | D:7      | 6296 ||| FLEEEEING.
  6297 | D:7      | 6297 ||| FLEEEEING.
  6298 | D:7      | 6298 ||| FLEEEEING.
  6299 | D:7      | 6299 ||| FLEEEEING.
  6300 | D:7      | 6300 ||| FLEEEEING.
  6301 | D:7      | 6301 ||| FLEEEEING.
  6302 | D:7      | 6302 ||| STAIRDANCE
  6387 | D:7      | 6387 ||| INVOKING Heroism.
  6441 | D:7      | 6441 ||| Stepping ~*~*~tactically~*~*~ (stealth).
  6442 | D:7      | 6442 ||| Stepping ~*~*~tactically~*~*~ (hiding).
  6443 | D:7      | 6443 ||| Stepping ~*~*~tactically~*~*~ (hiding).
  6444 | D:7      | 6444 ||| INVOKING Heroism.
  6459 | D:7      | 6459 ||| Stepping ~*~*~tactically~*~*~ (stealth).
  6470 | D:7      | 6470 ||| Stepping ~*~*~tactically~*~*~ (stealth).
  6570 | D:7      | 6570 ||| INVOKING Heroism.
  6573 | D:7      | Noticed a cyclops
  6589 | D:7      | 6589 ||| INVOKING Heroism.
  6590 | D:7      | Killed a cyclops
  6591 | D:7      | Reached skill level 8 in Axes
  6675 | D:7      | Reached *** piety under Okawaru
  6707 | D:7      | 6707 ||| Stepping ~*~*~tactically~*~*~ (stealth).
  6708 | D:7      | 6708 ||| Stepping ~*~*~tactically~*~*~ (stealth).
  6710 | D:7      | Reached skill level 6 in Fighting
  6714 | D:7      | 6714 ||| Stepping ~*~*~tactically~*~*~ (stealth).
  6748 | D:7      | 6748 ||| Stepping ~*~*~tactically~*~*~ (hiding).
  6966 | D:7      | 6966 ||| DROPPING amulet of guardian spirit.
  6967 | D:7      | 6967 ||| READING scroll labelled KOYMMU EJYSCHI.
  6996 | D:8      | 6996 ||| Stepping ~*~*~tactically~*~*~ (stealth).
  6997 | D:8      | 6997 ||| Stepping ~*~*~tactically~*~*~ (stealth).
  6998 | D:8      | 6998 ||| Stepping ~*~*~tactically~*~*~ (stealth).
  7006 | D:8      | 7006 ||| Stepping ~*~*~tactically~*~*~ (stealth).
  7006 | D:8      | Noticed Pikel
  7007 | D:8      | 7007 ||| INVOKING Heroism.
  7012 | D:8      | Killed Pikel
  7012 | D:8      | Received a gift from Okawaru
  7013 | D:8      | Reached skill level 9 in Shields
  7013 | D:8      | Reached XP level 10. HP: 45/60 MP: 10/13
  7019 | D:8      | Reached skill level 9 in Axes
  7213 | D:8      | 7213 ||| Stepping ~*~*~tactically~*~*~ (hiding).
  7341 | D:8      | You fall into a shaft and drop 1 floor!
  7342 | D:9      | 7342 ||| READING 2 scrolls of identify.
  7342 | D:9      | 7342 ||| IDENTIFYING puce potion
  7347 | D:8      | 7347 ||| INVOKING Heroism.
  7412 | D:8      | 7412 ||| Stepping ~*~*~tactically~*~*~ (hiding).
  7413 | D:8      | 7413 ||| Stepping ~*~*~tactically~*~*~ (hiding).
  7418 | D:8      | 7418 ||| INVOKING Heroism.
  7420 | D:8      | 7420 ||| Stepping ~*~*~tactically~*~*~ (hiding).
  7430 | D:8      | Reached **** piety under Okawaru
  7483 | D:8      | 7483 ||| READING scroll of enchant weapon.
  7483 | D:8      | 7483 ||| ENCHANTING +5 war axe.
  7491 | D:8      | 7491 ||| Stepping ~*~*~tactically~*~*~ (stealth).
  7495 | D:8      | 7495 ||| Stepping ~*~*~tactically~*~*~ (stealth).
  7507 | D:8      | 7507 ||| DROPPING +0 morningstar.
  7516 | D:8      | 7516 ||| READING scroll of enchant armour.
  7516 | D:8      | 7516 ||| ENCHANTING +0 pair of boots.
  7771 | D:8      | 7771 ||| UPGRADING to ring of protection from fire.
  7819 | D:9      | 7819 ||| SWAPPING to +0 broad axe.
  7820 | D:9      | 7820 ||| DROPPING +6 war axe.
  8019 | D:9      | Found Getaemuo's Fire Supplies.
  8046 | D:9      | 8046 ||| SHOPLISTING ring "Vebont" {rF+ rC++ rN+ Str+2
                  | Int+3 Dex-4} (725 gold, have 480).
  8046 | D:9      | 8046 ||| BUYING ring of fire (325 gold).
  8046 | D:9      | Bought a ring of fire for 325 gold pieces
  8070 | D:9      | 8070 ||| Stepping ~*~*~tactically~*~*~ (stealth).
  8072 | D:9      | 8072 ||| INVOKING Heroism.
  8105 | D:9      | 8105 ||| FLEEEEING.
  8174 | D:9      | 8174 ||| INVOKING Heroism.
  8188 | D:9      | Identified the +6 dagger of Truncation {spect, *Noise rPois
                  | Will- MP+9}
  8247 | D:9      | 8247 ||| INVOKING Heroism.
  8248 | D:9      | 8248 ||| Stepping ~*~*~tactically~*~*~ (stealth).
  8261 | D:9      | Reached skill level 6 in Invocations
  8276 | D:9      | 8276 ||| FLEEEEING.
  8277 | D:9      | 8277 ||| FLEEEEING.
  8278 | D:9      | 8278 ||| FLEEEEING.
  8426 | D:9      | Found an ancient bone altar of Kikubaaqudgha.
  8480 | D:9      | Found a staircase to the Orcish Mines.
  8493 | D:9      | 8493 ||| Stepping ~*~*~tactically~*~*~ (stealth).
  8496 | D:9      | 8496 ||| Stepping ~*~*~tactically~*~*~ (stealth).
  8502 | D:9      | 8502 ||| Stepping ~*~*~tactically~*~*~ (stealth).
  8509 | D:9      | 8509 ||| Stepping ~*~*~tactically~*~*~ (stealth).
  8510 | D:9      | 8510 ||| Stepping ~*~*~tactically~*~*~ (stealth).
  8562 | D:9      | 8562 ||| Stepping ~*~*~tactically~*~*~ (stealth).
  8626 | D:9      | 8626 ||| INVOKING Heroism.
  8665 | D:9      | 8665 ||| Stepping ~*~*~tactically~*~*~ (stealth).
  8746 | D:9      | 8746 ||| INVOKING Heroism.
  8747 | D:9      | 8747 ||| Stepping ~*~*~tactically~*~*~ (stealth).
  8748 | D:9      | 8748 ||| Stepping ~*~*~tactically~*~*~ (hiding).
  8749 | D:9      | 8749 ||| Stepping ~*~*~tactically~*~*~ (hiding).
  8751 | D:9      | Reached skill level 10 in Axes
  8754 | D:9      | Reached XP level 11. HP: 67/67 MP: 13/16
  8991 | D:9      | 8991 ||| INVOKING Heroism.
  9051 | D:9      | 9051 ||| INVOKING Heroism.
  9220 | D:9      | 9220 ||| UPGRADING to amulet of reflection.
  9230 | D:9      | 9230 ||| DROPPING amulet of the acrobat.
  9257 | D:10     | Entered Level 10 of the Dungeon
  9279 | D:10     | 9279 ||| READING scroll of enchant weapon.
  9279 | D:10     | 9279 ||| ENCHANTING +0 broad axe.
  9503 | D:10     | 9503 ||| Stepping ~*~*~tactically~*~*~ (hiding).
  9506 | D:10     | 9506 ||| INVOKING Heroism.
  9513 | D:10     | Reached skill level 6 in Armour
  9640 | D:10     | Noticed a two-headed ogre
  9641 | D:10     | 9641 ||| INVOKING Heroism.
  9649 | D:10     | Killed a two-headed ogre
  9649 | D:10     | Received a gift from Okawaru
  9694 | D:10     | 9694 ||| INVOKING Heroism.
  9859 | D:10     | 9859 ||| DRINKING 5 potions of curing.
  9859 | D:10     | 9859 ||| (to cure confusion)
 10190 | D:10     | 10190 ||| INVOKING Heroism.
 10200 | D:10     | Reached ***** piety under Okawaru
 10351 | D:10     | 10351 ||| DROPPING +2 ring mail of fire resistance.
 10352 | D:10     | 10352 ||| UPGRADING to +0 plate armour.
 10362 | D:10     | 10362 ||| READING scroll labelled WOZAEV WINENORCH.
 10363 | D:10     | 10363 ||| READING 2 scrolls of identify.
 10363 | D:10     | 10363 ||| IDENTIFYING green potion
 10364 | D:10     | 10364 ||| DROPPING potion of ambrosia.
 10415 | D:11     | 10415 ||| READING scroll of enchant armour.
 10415 | D:11     | 10415 ||| ENCHANTING +1 pair of boots.
 10421 | D:11     | 10421 ||| FLEEEEING.
 10422 | D:11     | 10422 ||| FLEEEEING.
 10423 | D:11     | 10423 ||| FLEEEEING.
 10424 | D:11     | 10424 ||| FLEEEEING.
 10425 | D:11     | 10425 ||| FLEEEEING.
 10426 | D:11     | 10426 ||| FLEEEEING.
 10427 | D:11     | 10427 ||| FLEEEEING.
 10428 | D:11     | 10428 ||| FLEEEEING.
 10429 | D:11     | 10429 ||| FLEEEEING.
 10430 | D:11     | 10430 ||| FLEEEEING.
 10431 | D:11     | 10431 ||| FLEEEEING.
 10432 | D:11     | 10432 ||| FLEEEEING.
 10433 | D:11     | 10433 ||| FLEEEEING.
 10434 | D:11     | 10434 ||| Stepping ~*~*~tactically~*~*~ (hiding).
 10435 | D:11     | 10435 ||| Stepping ~*~*~tactically~*~*~ (hiding).
 10472 | D:11     | 10472 ||| READING scroll of enchant armour.
 10472 | D:11     | 10472 ||| ENCHANTING +0 cloak.
 10492 | D:11     | 10492 ||| INVOKING Heroism.
 10546 | D:11     | Found a sacrificial altar of Ru.
 10657 | D:11     | 10657 ||| INVOKING Heroism.
 10673 | D:11     | Noticed a red ugly thing
 10687 | D:11     | Killed a red ugly thing
 10688 | D:11     | 10688 ||| FLEEEEING.
 10689 | D:11     | 10689 ||| FLEEEEING.
 10690 | D:11     | 10690 ||| FLEEEEING.
 10691 | D:11     | 10691 ||| FLEEEEING.
 10692 | D:11     | 10692 ||| FLEEEEING.
 10693 | D:11     | 10693 ||| FLEEEEING.
 10694 | D:11     | 10694 ||| FLEEEEING.
 10694 | D:11     | HP: 4/68 [orc priest/divine providence (15)]
 10695 | D:11     | 10695 ||| FLEEEEING.
 10696 | D:11     | 10696 ||| FLEEEEING.
 10697 | D:11     | 10697 ||| FLEEEEING.
 10698 | D:11     | 10698 ||| FLEEEEING.
 10699 | D:11     | 10699 ||| FLEEEEING.
 10700 | D:11     | 10700 ||| FLEEEEING.
 10701 | D:11     | 10701 ||| FLEEEEING.
 10702 | D:11     | 10702 ||| FLEEEEING.
 10703 | D:11     | 10703 ||| FLEEEEING.
 10704 | D:11     | 10704 ||| FLEEEEING.
 10705 | D:11     | 10705 ||| FLEEEEING.
 10706 | D:11     | 10706 ||| FLEEEEING.
 10707 | D:11     | 10707 ||| FLEEEEING.
 10708 | D:11     | 10708 ||| FLEEEEING.
 10709 | D:11     | 10709 ||| FLEEEEING.
 10710 | D:11     | 10710 ||| FLEEEEING.
 10711 | D:11     | 10711 ||| FLEEEEING.
 10712 | D:11     | 10712 ||| FLEEEEING.
 10713 | D:11     | 10713 ||| STAIRDANCE
 11007 | D:11     | Reached skill level 9 in Invocations
 11097 | D:11     | 11097 ||| INVOKING Heroism.
 11177 | D:11     | 11177 ||| Stepping ~*~*~tactically~*~*~ (stealth).
 11220 | D:11     | Found a staircase to the Lair.
 11332 | D:11     | 11332 ||| INVOKING Heroism.
 11647 | D:11     | 11647 ||| PLANNING LAIR
 11647 | D:11     | 11647 ||| READING 2 scrolls of identify.
 11647 | D:11     | 11647 ||| IDENTIFYING brown potion
 11688 | Lair:1   | Entered Level 1 of the Lair of Beasts
 11690 | Lair:1   | 11690 ||| INVOKING Heroism.
 11780 | Lair:1   | Noticed a rakshasa
 11781 | Lair:1   | Noticed a red very ugly thing
 11783 | Lair:1   | Noticed a purple ugly thing
 11840 | Lair:1   | Noticed a six-headed hydra
 11841 | Lair:1   | 11841 ||| Stepping ~*~*~tactically~*~*~ (stealth).
 11844 | Lair:1   | 11844 ||| INVOKING Heroism.
 11845 | Lair:1   | 11845 ||| INVOKING Finesse.
 11846 | Lair:1   | 11846 ||| SWAPPING to +5 morningstar.
 11851 | Lair:1   | Killed a six-headed hydra
 11851 | Lair:1   | Received a gift from Okawaru
 11852 | Lair:1   | Reached XP level 12. HP: 73/73 MP: 11/19
 11852 | Lair:1   | 11852 ||| SWAPPING to +1 broad axe.
 12135 | Lair:1   | Found a transporter.
 12139 | Lair:1   | Found a transporter.
 12149 | Lair:1   | Noticed qw's ghost (novice DsCA)
 12150 | Lair:1   | Found a one-way gate to the infinite horrors of the Abyss.
 12282 | Lair:1   | 12282 ||| INVOKING Heroism.
 12290 | Lair:1   | Reached skill level 3 in Throwing
 12325 | Lair:1   | Reached skill level 11 in Axes
 12506 | Lair:1   | 12506 ||| READING scroll labelled XATHEI OLYILL.
 12507 | Lair:1   | 12507 ||| DRINKING 2 viscous cyan potions.
 12508 | Lair:1   | 12508 ||| READING 3 scrolls of identify.
 12508 | Lair:1   | 12508 ||| IDENTIFYING black potion
 12541 | Lair:2   | 12541 ||| PLANNING GAUNTLET
 12541 | Lair:2   | 12541 ||| INVOKING Heroism.
 12579 | Lair:2   | 12579 ||| INVOKING Heroism.
 12676 | Lair:2   | 12676 ||| INVOKING Heroism.
 12708 | Lair:2   | Noticed an eight-headed hydra
 12709 | Lair:2   | 12709 ||| INVOKING Finesse.
 12713 | Lair:2   | 12713 ||| SWAPPING to +5 morningstar.
 12719 | Lair:2   | Killed an eight-headed hydra
 12720 | Lair:2   | 12720 ||| SWAPPING to +1 broad axe.
 12780 | Lair:2   | Found a gate leading to a gauntlet.
 12790 | Gauntlet | Entered a Gauntlet
 12790 | Gauntlet | Found a transporter.
 12797 | Gauntlet | Noticed a thrashing horror
 12799 | Gauntlet | Found a transporter.
 12815 | Gauntlet | Found a transporter.
 12819 | Gauntlet | Found a transporter.
 12839 | Gauntlet | Found a transporter.
 12852 | Gauntlet | Found a transporter.
 12857 | Gauntlet | Found a transporter.
 12860 | Gauntlet | Found a transporter.
 12861 | Gauntlet | Noticed an emperor scorpion
 12866 | Gauntlet | Noticed a catoblepas
 12866 | Gauntlet | an emperor scorpion changed into a catoblepas
 12872 | Gauntlet | Noticed a quicksilver dragon
 12872 | Gauntlet | a catoblepas changed into a quicksilver dragon
 12873 | Gauntlet | Noticed an azure jelly
 12873 | Gauntlet | a quicksilver dragon changed into an azure jelly
 12878 | Gauntlet | Noticed a death yak
 12878 | Gauntlet | an azure jelly changed into a death yak
 12883 | Gauntlet | Noticed a death yak
 12883 | Gauntlet | Noticed a death yak
 12883 | Gauntlet | Noticed a death yak
 12883 | Gauntlet | Noticed an entropy weaver
 12883 | Gauntlet | a death yak changed into an entropy weaver
 12883 | Gauntlet | Noticed a death yak
 12883 | Gauntlet | Noticed a death yak
 12885 | Gauntlet | Noticed a storm dragon
 12885 | Gauntlet | an entropy weaver changed into a storm dragon
 12887 | Gauntlet | Found a transporter.
 12907 | Gauntlet | Found a transporter.
 12911 | Gauntlet | Found a transporter.
 12919 | Gauntlet | Found a transporter.
 12932 | Gauntlet | Noticed a dire elephant
 12962 | Gauntlet | 12962 ||| INVOKING Heroism.
 12977 | Gauntlet | Killed a dire elephant
 12982 | Gauntlet | Received a gift from Okawaru
 13173 | Gauntlet | 13173 ||| DROPPING +0 war axe of venom.
 13187 | Gauntlet | 13187 ||| DROPPING +6 ring of intelligence.
 13190 | Gauntlet | Noticed a frost giant
 13190 | Gauntlet | Noticed an eleionoma
 13190 | Gauntlet | a frost giant changed into an eleionoma
 13194 | Gauntlet | Paralysed by a floating eye for 2 turns
 13199 | Gauntlet | 13199 ||| INVOKING Heroism.
 13209 | Gauntlet | Killed an eleionoma
 13210 | Gauntlet | Reached skill level 9 in Fighting
 13391 | Gauntlet | Identified the amulet of the Prince of Darkness {Faith
                  | Regen+}
 13401 | Gauntlet | 13401 ||| DROPPING amulet of the Prince of Darkness {Faith
                  | Regen+}.
 13440 | Gauntlet | Noticed a minotaur
 13441 | Gauntlet | 13441 ||| INVOKING Heroism.
 13442 | Gauntlet | 13442 ||| INVOKING Finesse.
 13451 | Gauntlet | HP: 16/76 [minotaur/+1 demon trident of draining (19)]
 13452 | Gauntlet | 13452 ||| DRINKING 5 potions of heal wounds.
 13457 | Gauntlet | Killed a minotaur
 13679 | Lair:2   | 13679 ||| PLANNING LAIR
 13706 | Lair:2   | 13706 ||| INVOKING Heroism.
 13735 | Lair:2   | 13735 ||| Stepping ~*~*~tactically~*~*~ (stealth).
 13738 | Lair:2   | 13738 ||| Stepping ~*~*~tactically~*~*~ (stealth).
 13757 | Lair:2   | 13757 ||| INVOKING Heroism.
 13785 | Lair:2   | Reached skill level 12 in Axes
 13816 | Lair:2   | 13816 ||| Stepping ~*~*~tactically~*~*~ (stealth).
 13817 | Lair:2   | 13817 ||| Stepping ~*~*~tactically~*~*~ (stealth).
 14001 | Lair:2   | Noticed a catoblepas
 14002 | Lair:2   | 14002 ||| INVOKING Heroism.
 14003 | Lair:2   | 14003 ||| INVOKING Finesse.
 14016 | Lair:2   | Killed a catoblepas
 14017 | Lair:2   | Reached XP level 13. HP: 72/80 MP: 13/20
 14134 | Lair:2   | 14134 ||| INVOKING Heroism.
 14140 | Lair:2   | 14140 ||| SWAPPING to +5 morningstar.
 14147 | Lair:2   | Received a gift from Okawaru
 14148 | Lair:2   | Reached skill level 9 in Armour
 14148 | Lair:2   | 14148 ||| SWAPPING to +1 broad axe.
 14149 | Lair:2   | 14149 ||| INVOKING Finesse.
 14157 | Lair:2   | 14157 ||| DRINKING 3 potions of cancellation.
 14160 | Lair:2   | HP: 8/80 [oklob plant/splash of acid (24)]
 14161 | Lair:2   | 14161 ||| READING 7 scrolls of teleportation.
 14162 | Lair:2   | 14162 ||| DRINKING 4 potions of heal wounds.
 14164 | Lair:2   | 14164 ||| INVOKING Heroism.
 14402 | Lair:2   | 14402 ||| INVOKING Heroism.
 14456 | Lair:2   | 14456 ||| INVOKING Heroism.
 14462 | Lair:2   | 14462 ||| READING 6 scrolls of teleportation.
 14462 | Lair:2   | HP: 15/80 [oklob plant/splash of acid (22)]
 14463 | Lair:2   | 14463 ||| DRINKING 3 potions of heal wounds.
 14741 | Lair:2   | 14741 ||| INVOKING Heroism.
 15052 | Lair:3   | 15052 ||| STAIRDANCE
 15060 | Lair:3   | 15060 ||| STAIRDANCE
 15102 | Lair:3   | 15102 ||| STAIRDANCE
 15122 | Lair:3   | 15122 ||| STAIRDANCE
 15217 | Lair:3   | 15217 ||| STAIRDANCE
 15219 | Lair:2   | 15219 ||| INVOKING Heroism.
 15249 | Lair:3   | 15249 ||| STAIRDANCE
 15270 | Lair:3   | 15270 ||| STAIRDANCE
 15286 | Lair:3   | 15286 ||| STAIRDANCE
 15288 | Lair:2   | 15288 ||| INVOKING Heroism.
 15314 | Lair:3   | 15314 ||| INVOKING Heroism.
 15388 | Lair:3   | 15388 ||| INVOKING Heroism.
 15403 | Lair:3   | 15403 ||| READING 5 scrolls of teleportation.
 15669 | Lair:3   | 15669 ||| Stepping ~*~*~tactically~*~*~ (hiding).
 15699 | Lair:3   | 15699 ||| Stepping ~*~*~tactically~*~*~ (hiding).
 15700 | Lair:3   | 15700 ||| Stepping ~*~*~tactically~*~*~ (hiding).
 15741 | Lair:3   | 15741 ||| INVOKING Heroism.
 15856 | Lair:3   | 15856 ||| INVOKING Heroism.
 16046 | Lair:3   | Received a gift from Okawaru
 16109 | Lair:3   | Found a hole to the Spider Nest.
 16452 | Lair:3   | 16452 ||| INVOKING Heroism.
 16455 | Lair:3   | 16455 ||| SWAPPING to +5 morningstar.
 16459 | Lair:3   | 16459 ||| SWAPPING to +1 broad axe.
 16523 | Lair:3   | Found a staircase to the Swamp.
 16524 | Lair:3   | 16524 ||| Stepping ~*~*~tactically~*~*~ (hiding).
 16529 | Lair:3   | 16529 ||| INVOKING Heroism.
 16537 | Lair:3   | Received a gift from Okawaru
 16614 | Lair:3   | 16614 ||| Stepping ~*~*~tactically~*~*~ (hiding).
 16618 | Lair:3   | 16618 ||| INVOKING Heroism.
 16652 | Lair:3   | 16652 ||| INVOKING Heroism.
 16655 | Lair:3   | Reached skill level 13 in Axes
 16810 | Lair:3   | 16810 ||| UPGRADING to +0 pair of gloves.
 16815 | Lair:3   | 16815 ||| READING scroll labelled UXTIDGH XIAGO.
 16816 | Lair:3   | 16816 ||| READING scroll labelled OPHAEDDEASK.
 16816 | Lair:3   | Identified a scroll of acquirement
 16816 | Lair:3   | 16816 ||| ACQUIRING +15 Maxwell's patent armour {-Cast
                  | -Tele rElec Will+ rCorr}
 16816 | Lair:3   | Acquired the +15 Maxwell's patent armour {-Cast -Tele rElec
                  | Will+ rCorr}
 16816 | Lair:3   | Found the +15 Maxwell's patent armour {-Cast -Tele rElec
                  | Will+ rCorr}
 16872 | Lair:4   | 16872 ||| INVOKING Heroism.
 16873 | Lair:4   | 16873 ||| STAIRDANCE
 16886 | Lair:4   | 16886 ||| STAIRDANCE
 16968 | Lair:4   | 16968 ||| READING scroll of enchant armour.
 16968 | Lair:4   | 16968 ||| ENCHANTING +0 pair of gloves.
 16975 | Lair:4   | You fall into a shaft and drop 1 floor!
 16975 | Lair:5   | Entered Level 5 of the Lair of Beasts
 17033 | Lair:5   | 17033 ||| Stepping ~*~*~tactically~*~*~ (stealth).
 17062 | Lair:5   | Found a staircase to the Slime Pits.
 17187 | Lair:5   | 17187 ||| INVOKING Heroism.
 17191 | Lair:5   | 17191 ||| Stepping ~*~*~tactically~*~*~ (hiding).
 17192 | Lair:5   | 17192 ||| Stepping ~*~*~tactically~*~*~ (hiding).
 17193 | Lair:5   | 17193 ||| Stepping ~*~*~tactically~*~*~ (hiding).
 17235 | Lair:4   | 17235 ||| INVOKING Heroism.
 17274 | Lair:4   | 17274 ||| FLEEEEING.
 17279 | Lair:4   | 17279 ||| STAIRDANCE
 17509 | Lair:4   | 17509 ||| INVOKING Heroism.
 17645 | Lair:4   | 17645 ||| READING scroll of enchant armour.
 17645 | Lair:4   | 17645 ||| ENCHANTING +1 pair of gloves.
 17808 | Lair:4   | Received a gift from Okawaru
 17817 | Lair:4   | 17817 ||| Stepping ~*~*~tactically~*~*~ (stealth).
 17822 | Lair:4   | 17822 ||| Stepping ~*~*~tactically~*~*~ (stealth).
 17823 | Lair:4   | 17823 ||| Stepping ~*~*~tactically~*~*~ (stealth).
 17835 | Lair:4   | Gained mutation: Your large and strong wings let you fly.
                  | [Gargoyle growth]
 17835 | Lair:4   | Reached XP level 14. HP: 88/88 MP: 21/21
 17847 | Lair:4   | 17847 ||| Stepping ~*~*~tactically~*~*~ (stealth).
 17869 | Lair:4   | 17869 ||| INVOKING Heroism.
 17881 | Lair:4   | Received a gift from Okawaru
 17898 | Lair:4   | Reached skill level 14 in Axes
 17899 | Lair:4   | 17899 ||| SWAPPING to +3 broad axe of electrocution.
 17900 | Lair:4   | 17900 ||| DROPPING +1 broad axe.
 18109 | Lair:4   | 18109 ||| UPGRADING to +2 cloak of stealth.
 18119 | Lair:4   | 18119 ||| DROPPING +1 cloak.
 18202 | Lair:5   | 18202 ||| INVOKING Heroism.
 18203 | Lair:5   | 18203 ||| INVOKING Finesse.
 18207 | Lair:5   | 18207 ||| SWAPPING to +5 morningstar.
 18211 | Lair:5   | 18211 ||| Stepping ~*~*~tactically~*~*~ (stealth).
 18216 | Lair:5   | 18216 ||| SWAPPING to +3 broad axe of electrocution.
 18221 | Lair:5   | 18221 ||| Stepping ~*~*~tactically~*~*~ (stealth).
 18249 | Lair:5   | 18249 ||| Stepping ~*~*~tactically~*~*~ (stealth).
 18251 | Lair:5   | 18251 ||| Stepping ~*~*~tactically~*~*~ (stealth).
 18256 | Lair:5   | 18256 ||| Stepping ~*~*~tactically~*~*~ (stealth).
 18261 | Lair:5   | 18261 ||| Stepping ~*~*~tactically~*~*~ (stealth).
 18266 | Lair:5   | 18266 ||| INVOKING Heroism.
 18323 | Lair:5   | 18323 ||| Stepping ~*~*~tactically~*~*~ (stealth).
 18340 | Lair:5   | 18340 ||| Stepping ~*~*~tactically~*~*~ (stealth).
 18344 | Lair:5   | 18344 ||| INVOKING Heroism.
 18356 | Lair:5   | 18356 ||| Stepping ~*~*~tactically~*~*~ (stealth).
 18358 | Lair:5   | 18358 ||| Stepping ~*~*~tactically~*~*~ (stealth).
 18379 | Lair:5   | 18379 ||| FLEEEEING.
 18380 | Lair:5   | 18380 ||| FLEEEEING.
 18381 | Lair:5   | 18381 ||| FLEEEEING.
 18382 | Lair:5   | 18382 ||| FLEEEEING.
 18383 | Lair:5   | 18383 ||| FLEEEEING.
 18384 | Lair:5   | 18384 ||| FLEEEEING.
 18385 | Lair:5   | 18385 ||| STAIRDANCE
 18534 | Lair:5   | 18534 ||| FLEEEEING.
 18611 | Lair:5   | 18611 ||| Stepping ~*~*~tactically~*~*~ (stealth).
 18618 | Lair:5   | 18618 ||| Stepping ~*~*~tactically~*~*~ (stealth).
 18624 | Lair:5   | 18624 ||| Stepping ~*~*~tactically~*~*~ (hiding).
 18629 | Lair:5   | 18629 ||| INVOKING Heroism.
 18644 | Lair:5   | 18644 ||| Stepping ~*~*~tactically~*~*~ (stealth).
 18657 | Lair:5   | 18657 ||| Stepping ~*~*~tactically~*~*~ (hiding).
 18659 | Lair:5   | 18659 ||| Stepping ~*~*~tactically~*~*~ (stealth).
 18671 | Lair:5   | 18671 ||| INVOKING Heroism.
 18679 | Lair:5   | 18679 ||| Stepping ~*~*~tactically~*~*~ (stealth).
 18680 | Lair:5   | 18680 ||| Stepping ~*~*~tactically~*~*~ (stealth).
 18681 | Lair:5   | 18681 ||| Stepping ~*~*~tactically~*~*~ (stealth).
 18731 | Lair:5   | 18731 ||| Stepping ~*~*~tactically~*~*~ (hiding).
 18774 | Lair:5   | 18774 ||| Stepping ~*~*~tactically~*~*~ (stealth).
 18781 | Lair:5   | 18781 ||| Stepping ~*~*~tactically~*~*~ (stealth).
 18793 | Lair:5   | 18793 ||| INVOKING Heroism.
 18798 | Lair:5   | 18798 ||| Stepping ~*~*~tactically~*~*~ (stealth).
 18799 | Lair:5   | 18799 ||| Stepping ~*~*~tactically~*~*~ (stealth).
 18808 | Lair:5   | 18808 ||| Stepping ~*~*~tactically~*~*~ (stealth).
 18827 | Lair:5   | 18827 ||| Stepping ~*~*~tactically~*~*~ (stealth).
 18835 | Lair:5   | 18835 ||| Stepping ~*~*~tactically~*~*~ (stealth).
 18837 | Lair:5   | 18837 ||| Stepping ~*~*~tactically~*~*~ (stealth).
 18838 | Lair:5   | 18838 ||| INVOKING Heroism.
 18844 | Lair:5   | Received a gift from Okawaru
 18855 | Lair:5   | 18855 ||| Stepping ~*~*~tactically~*~*~ (stealth).
 18881 | Lair:5   | 18881 ||| INVOKING Heroism.
 18919 | Lair:5   | 18919 ||| Stepping ~*~*~tactically~*~*~ (stealth).
 18935 | Lair:5   | 18935 ||| Stepping ~*~*~tactically~*~*~ (stealth).
 18956 | Lair:5   | 18956 ||| INVOKING Heroism.
 18965 | Lair:5   | Reached skill level 12 in Shields
 18965 | Lair:5   | 18965 ||| Stepping ~*~*~tactically~*~*~ (hiding).
 18990 | Lair:5   | 18990 ||| Stepping ~*~*~tactically~*~*~ (stealth).
 19000 | Lair:5   | 19000 ||| Stepping ~*~*~tactically~*~*~ (hiding).
 19025 | Lair:5   | 19025 ||| Stepping ~*~*~tactically~*~*~ (stealth).
 19072 | Lair:5   | 19072 ||| READING scroll of enchant weapon.
 19072 | Lair:5   | 19072 ||| ENCHANTING +3 broad axe of electrocution.
 19158 | Lair:5   | Received a gift from Okawaru
 19172 | Lair:5   | Noticed Snorg
 19173 | Lair:5   | 19173 ||| Stepping ~*~*~tactically~*~*~ (stealth).
 19174 | Lair:5   | 19174 ||| Stepping ~*~*~tactically~*~*~ (stealth).
 19175 | Lair:5   | 19175 ||| INVOKING Heroism.
 19176 | Lair:5   | 19176 ||| INVOKING Finesse.
 19178 | Lair:5   | 19178 ||| SWAPPING to +5 morningstar.
 19183 | Lair:5   | 19183 ||| SWAPPING to +4 broad axe of electrocution.
 19187 | Lair:5   | Killed Snorg
 19492 | Lair:5   | 19492 ||| Stepping ~*~*~tactically~*~*~ (stealth).
 19493 | Lair:5   | 19493 ||| Stepping ~*~*~tactically~*~*~ (stealth).
 19495 | Lair:5   | 19495 ||| Stepping ~*~*~tactically~*~*~ (stealth).
 19497 | Lair:5   | 19497 ||| Stepping ~*~*~tactically~*~*~ (stealth).
 19501 | Lair:5   | 19501 ||| Stepping ~*~*~tactically~*~*~ (stealth).
 19502 | Lair:5   | 19502 ||| Stepping ~*~*~tactically~*~*~ (stealth).
 19506 | Lair:5   | 19506 ||| INVOKING Heroism.
 19827 | Lair:5   | 19827 ||| PLANNING D
 19827 | Lair:5   | 19827 ||| DROPPING ring of fire.
 20197 | D:12     | 20197 ||| READING 7 scrolls of teleportation.
 20198 | D:12     | 20198 ||| INVOKING Heroism.
 20317 | D:12     | 20317 ||| Stepping ~*~*~tactically~*~*~ (stealth).
 20323 | D:12     | 20323 ||| INVOKING Heroism.
 20328 | D:12     | Reached skill level 6 in Throwing
 20519 | D:12     | 20519 ||| INVOKING Heroism.
 20520 | D:12     | 20520 ||| SWAPPING to +5 morningstar.
 20524 | D:12     | 20524 ||| SWAPPING to +4 broad axe of electrocution.
 20634 | D:12     | 20634 ||| UPGRADING to +4 ring of evasion.
 20814 | D:13     | 20814 ||| Stepping ~*~*~tactically~*~*~ (hiding).
 20995 | D:13     | 20995 ||| INVOKING Heroism.
 20997 | D:13     | Reached skill level 15 in Axes
 21001 | D:13     | Reached XP level 15. HP: 94/94 MP: 19/22
 21047 | D:13     | 21047 ||| INVOKING Heroism.
 21065 | D:13     | 21065 ||| Stepping ~*~*~tactically~*~*~ (stealth).
 21067 | D:13     | Reached skill level 12 in Fighting
 21415 | D:13     | Found a gate to the Vaults.
 21548 | D:14     | 21548 ||| Stepping ~*~*~tactically~*~*~ (stealth).
 21570 | D:14     | 21570 ||| INVOKING Heroism.
 21573 | D:14     | 21573 ||| Stepping ~*~*~tactically~*~*~ (stealth).
 21576 | D:14     | 21576 ||| Stepping ~*~*~tactically~*~*~ (stealth).
 21579 | D:14     | 21579 ||| Stepping ~*~*~tactically~*~*~ (stealth).
 21630 | D:14     | Found an iron altar of Okawaru.
 21637 | D:14     | 21637 ||| Stepping ~*~*~tactically~*~*~ (stealth).
 21652 | D:14     | 21652 ||| Stepping ~*~*~tactically~*~*~ (stealth).
 21654 | D:14     | 21654 ||| Stepping ~*~*~tactically~*~*~ (stealth).
 21656 | D:14     | 21656 ||| Stepping ~*~*~tactically~*~*~ (stealth).
 21658 | D:14     | 21658 ||| Stepping ~*~*~tactically~*~*~ (stealth).
 21724 | D:14     | Reached skill level 16 in Axes
 21984 | D:14     | 21984 ||| INVOKING Heroism.
 22015 | D:14     | Reached ****** piety under Okawaru
 22166 | D:14     | Identified the +2 animal skin "Sobirudo" {rC+ Stlth+}
                  | (Okawaru gifted it to you on level 14 of the Dungeon)
 22166 | D:14     | Received a gift from Okawaru
 22301 | D:14     | Identified the +5 quarterstaff "Demonbane" {vorpal, Dex+9}
 22313 | D:14     | Noticed Jorgrun
 22314 | D:14     | 22314 ||| INVOKING Heroism.
 22315 | D:14     | 22315 ||| INVOKING Finesse.
 22323 | D:14     | Killed Jorgrun
 22324 | D:14     | Reached skill level 12 in Armour
 22414 | D:14     | 22414 ||| INVOKING Heroism.
 22667 | D:15     | Entered Level 15 of the Dungeon
 22686 | D:15     | 22686 ||| Stepping ~*~*~tactically~*~*~ (hiding).
 22829 | D:15     | 22829 ||| INVOKING Heroism.
 22844 | D:15     | Reached skill level 3 in Dodging
 22922 | D:15     | 22922 ||| READING scroll of enchant armour.
 22922 | D:15     | 22922 ||| ENCHANTING +0 plate armour.
 22967 | D:15     | 22967 ||| READING 3 scrolls of enchant weapon.
 22967 | D:15     | 22967 ||| ENCHANTING +4 broad axe of electrocution.
 22968 | D:15     | 22968 ||| READING 2 scrolls of enchant weapon.
 22968 | D:15     | 22968 ||| ENCHANTING +5 broad axe of electrocution.
 22969 | D:15     | 22969 ||| READING scroll of enchant weapon.
 22969 | D:15     | 22969 ||| ENCHANTING +6 broad axe of electrocution.
 23011 | D:15     | Found an ornate altar of the Wu Jian Council.
 23543 | D:15     | 23543 ||| Stepping ~*~*~tactically~*~*~ (hiding).
 23547 | D:15     | 23547 ||| INVOKING Heroism.
 23566 | D:15     | HP: 17/96 [fire dragon/blast of flame (13)]
 23567 | D:15     | 23567 ||| READING 8 scrolls of teleportation.
 23568 | D:15     | 23568 ||| DRINKING 3 potions of heal wounds.
 23900 | D:15     | Found a staircase to the Depths.
 23998 | D:15     | 23998 ||| PLANNING ORC
 23998 | D:15     | 23998 ||| READING scroll labelled JAMMYI MIAWN.
 24076 | D:15     | 24076 ||| READING scroll labelled LIEVYI ZOTUC.
 24233 | Orc:1    | Entered Level 1 of the Orcish Mines
 24270 | Orc:2    | Entered Level 2 of the Orcish Mines
 24270 | Orc:2    | Noticed Maurice
 24277 | Orc:2    | 24277 ||| INVOKING Heroism.
 24293 | Orc:2    | Killed Maurice
 24374 | Orc:2    | 24374 ||| INVOKING Heroism.
 24375 | Orc:2    | Found Ostraroe's Distillery.
 24391 | Orc:2    | 24391 ||| Stepping ~*~*~tactically~*~*~ (hiding).
 24397 | Orc:2    | 24397 ||| INVOKING Heroism.
 24421 | Orc:2    | Found Daumeif's Distillery.
 24426 | Orc:2    | 24426 ||| Stepping ~*~*~tactically~*~*~ (hiding).
 24427 | Orc:2    | 24427 ||| Stepping ~*~*~tactically~*~*~ (hiding).
 24439 | Orc:2    | 24439 ||| Stepping ~*~*~tactically~*~*~ (hiding).
 24546 | Orc:2    | 24546 ||| BUYING potion of attraction (30 gold).
 24546 | Orc:2    | Bought a potion of attraction for 30 gold pieces
 24546 | Orc:2    | 24546 ||| BUYING potion of cancellation (80 gold).
 24546 | Orc:2    | Bought a potion of cancellation for 80 gold pieces
 24546 | Orc:2    | 24546 ||| BUYING potion of curing (30 gold).
 24546 | Orc:2    | Bought a potion of curing for 30 gold pieces
 24546 | Orc:2    | 24546 ||| BUYING potion of haste (100 gold).
 24546 | Orc:2    | Bought a potion of haste for 100 gold pieces
 24546 | Orc:2    | 24546 ||| BUYING potion of mutation (80 gold).
 24546 | Orc:2    | Bought a potion of mutation for 80 gold pieces
 24548 | Orc:2    | 24548 ||| BUYING potion of cancellation (136 gold).
 24548 | Orc:2    | Bought a potion of cancellation for 136 gold pieces
 24548 | Orc:2    | 24548 ||| BUYING potion of curing (51 gold).
 24548 | Orc:2    | Bought a potion of curing for 51 gold pieces
 24548 | Orc:2    | 24548 ||| BUYING potion of curing (51 gold).
 24548 | Orc:2    | Bought a potion of curing for 51 gold pieces
 24548 | Orc:2    | 24548 ||| BUYING potion of heal wounds (85 gold).
 24548 | Orc:2    | Bought a potion of heal wounds for 85 gold pieces
 24548 | Orc:2    | 24548 ||| BUYING potion of might (68 gold).
 24548 | Orc:2    | Bought a potion of might for 68 gold pieces
 24556 | Orc:2    | 24556 ||| Stepping ~*~*~tactically~*~*~ (stealth).
 24568 | Orc:2    | 24568 ||| Stepping ~*~*~tactically~*~*~ (hiding).
 24570 | Orc:2    | 24570 ||| INVOKING Heroism.
 24571 | Orc:2    | 24571 ||| INVOKING Finesse.
 24589 | Orc:2    | Reached XP level 16. HP: 101/101 MP: 16/23
 24597 | Orc:2    | 24597 ||| Stepping ~*~*~tactically~*~*~ (hiding).
 24618 | Orc:2    | 24618 ||| Stepping ~*~*~tactically~*~*~ (hiding).
 24899 | Orc:2    | 24899 ||| Stepping ~*~*~tactically~*~*~ (stealth).
 24901 | Orc:2    | 24901 ||| Stepping ~*~*~tactically~*~*~ (stealth).
 24903 | Orc:2    | 24903 ||| Stepping ~*~*~tactically~*~*~ (hiding).
 24910 | Orc:2    | 24910 ||| INVOKING Heroism.
 24916 | Orc:2    | 24916 ||| Stepping ~*~*~tactically~*~*~ (hiding).
 24943 | Orc:2    | 24943 ||| Stepping ~*~*~tactically~*~*~ (hiding).
 24950 | Orc:2    | 24950 ||| INVOKING Finesse.
 24974 | Orc:2    | 24974 ||| Stepping ~*~*~tactically~*~*~ (stealth).
 24980 | Orc:2    | 24980 ||| INVOKING Heroism.
 25109 | Orc:2    | Found Jaacups's Antique Weapon Boutique.
 25109 | Orc:2    | Found Jeag's Book Shop.
 25110 | Orc:2    | Found a one-way gate leading to the halls of Pandemonium.
 25123 | Orc:2    | 25123 ||| Stepping ~*~*~tactically~*~*~ (stealth).
 25125 | Orc:2    | 25125 ||| Stepping ~*~*~tactically~*~*~ (hiding).
 25135 | Orc:2    | 25135 ||| Stepping ~*~*~tactically~*~*~ (stealth).
 25137 | Orc:2    | 25137 ||| Stepping ~*~*~tactically~*~*~ (hiding).
 25274 | Orc:2    | 25274 ||| INVOKING Heroism.
 25274 | Orc:2    | Paralysed by an orc sorcerer for 4 turns
 25282 | Orc:2    | Received a gift from Okawaru
 25431 | Orc:2    | Found a staircase to the Elven Halls.
 25447 | Orc:2    | 25447 ||| Stepping ~*~*~tactically~*~*~ (stealth).
 25449 | Orc:2    | 25449 ||| Stepping ~*~*~tactically~*~*~ (hiding).
 25452 | Orc:2    | 25452 ||| Stepping ~*~*~tactically~*~*~ (hiding).
 25453 | Orc:2    | 25453 ||| Stepping ~*~*~tactically~*~*~ (stealth).
 25454 | Orc:2    | 25454 ||| INVOKING Heroism.
 25517 | Orc:2    | 25517 ||| Stepping ~*~*~tactically~*~*~ (stealth).
 25520 | Orc:2    | 25520 ||| INVOKING Heroism.
 25531 | Orc:2    | 25531 ||| Stepping ~*~*~tactically~*~*~ (hiding).
 25532 | Orc:2    | 25532 ||| Stepping ~*~*~tactically~*~*~ (hiding).
 25554 | Orc:2    | Received a gift from Okawaru
 25906 | Orc:2    | 25906 ||| Stepping ~*~*~tactically~*~*~ (stealth).
 25914 | Orc:2    | 25914 ||| Stepping ~*~*~tactically~*~*~ (stealth).
 25929 | Orc:2    | Reached skill level 17 in Axes
 25934 | Orc:2    | 25934 ||| INVOKING Heroism.
 25938 | Orc:2    | 25938 ||| Stepping ~*~*~tactically~*~*~ (stealth).
 25978 | Orc:2    | 25978 ||| Stepping ~*~*~tactically~*~*~ (stealth).
 25990 | Orc:2    | 25990 ||| DROPPING +5 morningstar.
 26023 | Orc:2    | 26023 ||| INVOKING Heroism.
 26024 | Orc:2    | 26024 ||| INVOKING Finesse.
 26352 | Orc:2    | 26352 ||| UPGRADING to +2 plate armour of poison
                  | resistance.
 26362 | Orc:2    | 26362 ||| UPGRADING to +0 plate armour of cold resistance.
 26372 | Orc:2    | 26372 ||| DROPPING +2 plate armour of poison resistance.
 26373 | Orc:2    | 26373 ||| DROPPING +1 chain mail of cold resistance.
 26374 | Orc:2    | 26374 ||| DROPPING +1 plate armour.
 26375 | Orc:2    | 26375 ||| UPGRADING to +4 plate armour of cold resistance.
 26385 | Orc:2    | 26385 ||| DROPPING +0 plate armour of cold resistance.
 26405 | Orc:1    | 26405 ||| INVOKING Heroism.
 26498 | Orc:1    | 26498 ||| Stepping ~*~*~tactically~*~*~ (stealth).
 26637 | Orc:1    | 26637 ||| INVOKING Heroism.
 26824 | Orc:1    | 26824 ||| PLANNING SWAMP:1-3
 27063 | Swamp:1  | Entered Level 1 of the Swamp
 27064 | Swamp:1  | 27064 ||| INVOKING Heroism.
 27193 | Swamp:1  | 27193 ||| Stepping ~*~*~tactically~*~*~ (stealth).
 27206 | Swamp:1  | 27206 ||| Stepping ~*~*~tactically~*~*~ (stealth).
 27276 | Swamp:1  | 27276 ||| INVOKING Heroism.
 27285 | Swamp:1  | Received a gift from Okawaru
 27291 | Swamp:1  | You are sucked into a shaft and drop 1 floor!
 27325 | Swamp:2  | 27325 ||| Stepping ~*~*~tactically~*~*~ (hiding).
 27328 | Swamp:2  | 27328 ||| INVOKING Heroism.
 27341 | Swamp:2  | 27341 ||| Stepping ~*~*~tactically~*~*~ (stealth).
 27497 | Swamp:2  | 27497 ||| INVOKING Heroism.
 27673 | Swamp:2  | 27673 ||| INVOKING Heroism.
 27761 | Swamp:2  | 27761 ||| DROPPING +1 hat.
 27767 | Swamp:2  | 27767 ||| INVOKING Heroism.
 27768 | Swamp:2  | 27768 ||| INVOKING Finesse.
 27770 | Swamp:2  | 27770 ||| SWAPPING to +1 hand axe of flaming.
 27777 | Swamp:2  | 27777 ||| SWAPPING to +7 broad axe of electrocution.
 27891 | Swamp:1  | Noticed a thorn hunter
 27893 | Swamp:1  | 27893 ||| INVOKING Heroism.
 27894 | Swamp:1  | 27894 ||| INVOKING Finesse.
 27900 | Swamp:1  | Killed a thorn hunter
 27943 | Swamp:1  | 27943 ||| Stepping ~*~*~tactically~*~*~ (stealth).
 27945 | Swamp:1  | 27945 ||| Stepping ~*~*~tactically~*~*~ (hiding).
 27946 | Swamp:1  | 27946 ||| Stepping ~*~*~tactically~*~*~ (hiding).
 28076 | Swamp:1  | Noticed a tentacled monstrosity
 28077 | Swamp:1  | 28077 ||| INVOKING Heroism.
 28078 | Swamp:1  | 28078 ||| INVOKING Finesse.
 28081 | Swamp:1  | 28081 ||| SWAPPING to +1 hand axe of flaming.
 28086 | Swamp:1  | 28086 ||| SWAPPING to +7 broad axe of electrocution.
 28093 | Swamp:1  | Killed a tentacled monstrosity
 28097 | Swamp:1  | Received a gift from Okawaru
 28164 | Swamp:1  | 28164 ||| INVOKING Heroism.
 28422 | Swamp:1  | 28422 ||| READING scroll of enchant weapon.
 28422 | Swamp:1  | 28422 ||| ENCHANTING +7 broad axe of electrocution.
 28725 | Swamp:2  | 28725 ||| INVOKING Heroism.
 28894 | Swamp:2  | 28894 ||| Stepping ~*~*~tactically~*~*~ (hiding).
 28978 | Swamp:2  | 28978 ||| Stepping ~*~*~tactically~*~*~ (stealth).
 29017 | Swamp:2  | 29017 ||| Stepping ~*~*~tactically~*~*~ (hiding).
 29018 | Swamp:2  | 29018 ||| INVOKING Heroism.
 29025 | Swamp:2  | 29025 ||| SWAPPING to +1 hand axe of flaming.
 29031 | Swamp:2  | Received a gift from Okawaru
 29032 | Swamp:2  | 29032 ||| SWAPPING to +8 broad axe of electrocution.
 29184 | Swamp:2  | 29184 ||| DROPPING +4 broad axe.
 29369 | Swamp:3  | Noticed a fenstrider witch
 29370 | Swamp:3  | 29370 ||| INVOKING Heroism.
 29373 | Swamp:3  | Killed a fenstrider witch
 29377 | Swamp:3  | Noticed a thorn hunter
 29378 | Swamp:3  | 29378 ||| INVOKING Finesse.
 29396 | Swamp:3  | Killed a thorn hunter
 29414 | Swamp:3  | 29414 ||| SWAPPING to +1 hand axe of flaming.
 29422 | Swamp:3  | Received a gift from Okawaru
 29423 | Swamp:3  | 29423 ||| SWAPPING to +8 broad axe of electrocution.
 29429 | Swamp:3  | Reached XP level 17. HP: 87/108 MP: 21/24
 29430 | Swamp:3  | 29430 ||| INVOKING Heroism.
 29442 | Swamp:3  | Reached skill level 18 in Axes
 29472 | Swamp:3  | HP: 27/108 [acid (5)]
 29473 | Swamp:3  | 29473 ||| READING 8 scrolls of teleportation.
 29474 | Swamp:3  | 29474 ||| DRINKING 3 potions of heal wounds.
 29475 | Swamp:3  | 29475 ||| INVOKING Heroism.
 29484 | Swamp:3  | HP: 25/109 [will-o-the-wisp/foxfire (3)]
 29485 | Swamp:3  | 29485 ||| READING 7 scrolls of teleportation.
 29486 | Swamp:3  | 29486 ||| DRINKING 2 potions of heal wounds.
 29780 | Swamp:3  | 29780 ||| Stepping ~*~*~tactically~*~*~ (hiding).
 29917 | Swamp:3  | 29917 ||| INVOKING Heroism.
 30087 | Swamp:3  | 30087 ||| READING scroll of enchant armour.
 30087 | Swamp:3  | 30087 ||| ENCHANTING +4 plate armour of cold resistance.
 30107 | Swamp:3  | Identified the +11 longbow "Domaasor" {flame, Dex+4}
 30308 | Swamp:3  | 30308 ||| PLANNING SPIDER:1-3
 30308 | Swamp:3  | 30308 ||| UPGRADING to +0 tower shield.
 30318 | Swamp:3  | 30318 ||| DROPPING +0 kite shield.
 30422 | Spider:1 | Entered Level 1 of the Spider Nest
 30424 | Spider:1 | Noticed Kirke
 30425 | Spider:1 | 30425 ||| Stepping ~*~*~tactically~*~*~ (stealth).
 30428 | Spider:1 | 30428 ||| INVOKING Heroism.
 30437 | Spider:1 | Killed Kirke
 30437 | Spider:1 | Received a gift from Okawaru
 30464 | Spider:1 | 30464 ||| Stepping ~*~*~tactically~*~*~ (stealth).
 30500 | Spider:1 | 30500 ||| Stepping ~*~*~tactically~*~*~ (stealth).
 30502 | Spider:1 | 30502 ||| Stepping ~*~*~tactically~*~*~ (stealth).
 30504 | Spider:1 | 30504 ||| Stepping ~*~*~tactically~*~*~ (hiding).
 30507 | Spider:1 | 30507 ||| INVOKING Heroism.
 30510 | Spider:1 | Noticed Josephine
 30511 | Spider:1 | 30511 ||| DRINKING 14 potions of curing.
 30511 | Spider:1 | 30511 ||| (to cure confusion)
 30513 | Spider:1 | 30513 ||| INVOKING Finesse.
 30514 | Spider:1 | 30514 ||| Stepping ~*~*~tactically~*~*~ (stealth).
 30517 | Spider:1 | 30517 ||| DRINKING 5 potions of cancellation.
 30521 | Spider:1 | Killed Josephine
 30541 | Spider:1 | 30541 ||| Stepping ~*~*~tactically~*~*~ (stealth).
 30744 | Spider:1 | 30744 ||| Stepping ~*~*~tactically~*~*~ (hiding).
 30896 | Spider:1 | 30896 ||| Stepping ~*~*~tactically~*~*~ (stealth).
 30897 | Spider:1 | 30897 ||| Stepping ~*~*~tactically~*~*~ (stealth).
 30899 | Spider:1 | 30899 ||| Stepping ~*~*~tactically~*~*~ (hiding).
 30903 | Spider:1 | 30903 ||| INVOKING Finesse.
 31268 | Spider:1 | 31268 ||| Stepping ~*~*~tactically~*~*~ (stealth).
 31270 | Spider:1 | 31270 ||| Stepping ~*~*~tactically~*~*~ (stealth).
 31448 | Spider:2 | 31448 ||| STAIRDANCE
 31456 | Spider:2 | 31456 ||| INVOKING Heroism.
 31457 | Spider:2 | 31457 ||| INVOKING Finesse.
 31457 | Spider:2 | HP: 26/109 [entropy weaver (6)]
 31458 | Spider:2 | 31458 ||| READING 7 scrolls of teleportation.
 31458 | Spider:2 | HP: 2/109 [pharaoh ant (12)]
 31459 | Spider:2 | 31459 ||| DRINKING 2 potions of heal wounds.
 31459 | Spider:2 | Slain by a pharaoh ant

Levels and vault maps discovered:
D:1:      scummos_arrival_simple_crosswalls, layout_basic,
          basic_ecumenical_altar, kennysheep_nondescript
D:2:      layout_basic, serial_shops, shop
D:3:      layout_rooms, amethyst_overflow_temple_binary
D:4:      layout_loops_corners, kennysheep_mini, minmay_temple_entry_hall,
          serial_shops, nicolae_shop_crystal, kennysheep_generic_room_2
D:5:      gammafunk_cloud_chamber, layout_basic, minmay_hollow_rounded_squares
D:6:      layout_cave_pools, xom_teletrap_fun
D:7:      layout_rooms, uniq_crazy_yiuf_cottage
D:8:      layout_rooms, grunt_ministairs_7, uniq_pikel
D:9:      layout_roguey, lemuel_zombie_altar_kikubaaqudgha, zombieorc1_lemuel,
          minmay_misc_feat_hallway, st_stairs_13, nicolae_shop_fire_sale
          [nicolae_sub_dead_trees]
D:10:     layout_gridville
D:11:     layout_irregular_city, erik_lair_orcish_takeover,
          nicolae_ru_the_path_less_chosen
D:12:     layout_roguey
D:13:     layout_basic, david_vaults_1, kennysheep_kite_vault
D:14:     minmay_wavy_crystal, layout_loops_ring, okawaru_ov_weapons_minmay,
          uniq_jorgrun
D:15:     grunt_enter_depths_hoard, layout_loops_corners,
          pdpol_wu_jian_five_deadly_venoms, minmay_misc_feat_diagonals
Temple:   sentei_temple_godly_chess
Lair:1:   layout_loops_ring, gammafunk_ghost_abyssal_escape,
          infiniplex_staircase_pool_2, grunt_megastairs_3, lemuel_fruit_fields
Lair:2:   layout_regular_city, enter_volcano_2, gauntlet_entry_generic,
          lemuel_fruit_tree, grunt_megastairs_2
Lair:3:   layout_cave_shapes, minmay_swamp_entry_worms,
          hellmonk_spider_entry_life_and_decay, eino_house_with_fridge
Lair:4:   layout_big_grid, beast_lair_carwin_7, serial_bayou_shore_b,
          serial_bayou_shore_a
Lair:5:   hangedman_lair_caniforms_friends, layout_concentric_octagons,
          dpeg_slime_entry_corner, st_stairs_7, uniq_snorg
Swamp:1:  layout_basic_swamp, evilmike_swamp_ruin_rubble_2
Swamp:2:  layout_basic_swamp, evilmike_swamp_ruin_house_1,
          infiniplex_staircase_pool
Swamp:3:  layout_basic_swamp, evilmike_swamp_ruin_house_3,
          nicolae_swamp_no_escape
Spider:1: layout_spider_delve, uniq_josephine, uniq_kirke
Spider:2: layout_cave_pods
Orc:1:    layout_caves
Orc:2:    pf_orc_diabolical, layout_caves, nicolae_orc_flooded_monolith,
          minmay_orc_barracks, uniq_maurice

Skill      XL: |  1  2  3  4  5  6  7  8  9 10 11 12 13 14 15 16 17 |
---------------+----------------------------------------------------+-----
Axes           | 2 3 4 5 6 7 8 10 12 13 15 16 17 18 | 18.0
Throwing       | 1 2 3 5 6 7 |  7.0
Shields        | 4 5 6 7 9 10 11 12 13 14 | 14.7
Fighting       | 4 5 6 7 8 9 10 11 12 13 | 13.6
Dodging        | 1 2 3 |  3.1
Invocations    | 4 6 10 | 10.0
Armour         | 4 5 7 8 10 11 12 13 | 13.2

Action                   |  1- 3 |  4- 6 |  7- 9 | 10-12 | 13-15 | 16-18 || total
-------------------------+-------+-------+-------+-------+-------+-------++-------
Melee: War axe           |   112 |   100 |   221 |    46 |       |       ||   479
       Broad axe         |       |       |       |   427 |   932 |   526 ||  1885
       Morningstar       |       |       |       |     7 |    20 |       ||    27
       Hand axe          |       |       |       |       |       |    21 ||    21
Throw: Javelin           |       |    21 |    45 |    53 |   143 |    56 ||   318
       Boomerang         |       |       |    14 |    52 |    61 |    12 ||   139
Invok: Heroism           |       |       |    12 |    29 |    46 |    27 ||   114
       Finesse           |       |       |       |     4 |     5 |     9 ||    18
  Use: Scroll            |     4 |     5 |    12 |    11 |    16 |     5 ||    53
       Potion            |       |     1 |       |     3 |     4 |     5 ||    13
Armor: Scale mail        |    50 |       |       |       |       |       ||    50
       Chain mail        |    18 |    63 |   127 |   180 |       |       ||   388
       Plate armour      |       |       |       |    99 |   382 |   255 ||   736
Dodge: Dodged            |    50 |    38 |    58 |   122 |   222 |   157 ||   647
Block: Buckler           |    24 |    11 |       |       |       |       ||    35
       Kite shield       |       |    32 |    99 |   314 |   684 |   245 ||  1374
       Reflection        |       |       |       |     3 |    26 |    10 ||    39
       Tower shield      |       |       |       |       |       |   103 ||   103

Table legend:
 A = Non-vault XP
 B = Vault XP
 C = Vault XP percentage of total XP
 D = Non-vault monster count
 E = Vault monster count
 F = Vault count percentage of total count
                 A         B        C        D         E       F
            +---------+---------+-------+---------+---------+-------
      Total |  141410 |   69065 |  32.8 |     615 |     282 |  31.4
            +---------+---------+-------+---------+---------+-------
        D:1 |      41 |       0 |   0.0 |      24 |       0 |   0.0
        D:2 |      60 |       0 |   0.0 |      17 |       0 |   0.0
        D:3 |      88 |       0 |   0.0 |      18 |       0 |   0.0
        D:4 |     609 |     166 |  21.4 |      35 |       3 |   7.9
        D:5 |     266 |     511 |  65.8 |      10 |       9 |  47.4
        D:6 |     777 |       0 |   0.0 |      23 |       0 |   0.0
        D:7 |    2004 |       0 |   0.0 |      34 |       0 |   0.0
        D:8 |    1797 |     790 |  30.5 |      21 |       6 |  22.2
        D:9 |    1860 |     999 |  34.9 |      31 |      35 |  53.0
       D:10 |    2371 |       0 |   0.0 |      16 |       0 |   0.0
       D:11 |    3505 |     665 |  15.9 |      19 |       9 |  32.1
       D:12 |    3861 |       0 |   0.0 |      11 |       0 |   0.0
       D:13 |    3166 |    8704 |  73.3 |       9 |      19 |  67.9
       D:14 |   14999 |    4435 |  22.8 |      32 |       4 |  11.1
       D:15 |    6674 |    1810 |  21.3 |      15 |       2 |  11.8
     Lair:1 |    3566 |     140 |   3.8 |      10 |       1 |   9.1
     Lair:2 |   12074 |     333 |   2.7 |      38 |       1 |   2.6
     Lair:3 |    7475 |    2729 |  26.7 |      28 |      20 |  41.7
     Lair:4 |    6239 |    1644 |  20.9 |      19 |       7 |  26.9
     Lair:5 |   12566 |   11304 |  47.4 |      49 |      58 |  54.2
    Swamp:1 |   15224 |       0 |   0.0 |      20 |       0 |   0.0
    Swamp:2 |    9754 |       0 |   0.0 |      19 |       0 |   0.0
    Swamp:3 |   15322 |    6796 |  30.7 |      25 |      11 |  30.6
   Spider:1 |   11236 |    3796 |  25.3 |      31 |       9 |  22.5
      Orc:1 |    1600 |       0 |   0.0 |      22 |       0 |   0.0
      Orc:2 |    4276 |   19858 |  82.3 |      39 |      81 |  67.5
   Gauntlet |       0 |    4385 | 100.0 |       0 |       7 | 100.0
            +---------+---------+-------+---------+---------+-------
